 Dungeon Crawl Stone Soup version 0.23.0-28-g6fe0f4d (webtiles) character file.

Game seed: 10145627708592672185

52 misha the Poker (level 3, -3/45 HPs)
             Began as a Merfolk Berserker on Feb 26, 2019.
             Was a Believer of Trog.
             Slain by a sky beast (6 damage)
             ... on level 2 of the Dungeon.
             The game lasted 00:05:34 (1456 turns).

misha the Poker (Merfolk Berserker)                 Turns: 1456, Time: 00:05:35

Health: -3/45      AC:  6    Str: 23    XL:     3   Next: 85%
Magic:  3/3        EV: 11    Int:  6    God:    Trog [**....]
Gold:   47         SH:  0    Dex: 13    Spells: 2/2 levels left

rFire    . . .     SeeInvis .   a - +0 spear
rCold    . . .     Gourm    .   (no shield)
rNeg     . . .     Faith    .   o - +0 scale mail
rPois    .         Spirit   .   (no helmet)
rElec    .         Reflect  .   (no cloak)
rCorr    .         Harm     .   (no gloves)
MR       .....                  (no boots)
Stlth    ..........             (no amulet)
HPRegen  0.15/turn              (no ring)
MPRegen  0.08/turn              (no ring)

@: berserking, very quick
A: change form in water, swift swim, stealthy swim
a: Berserk, Trog's Hand, Renounce Religion


You were on level 2 of the Dungeon.
You worshipped Trog.
Trog was pleased with you.
You were hungry.

You visited 1 branch of the dungeon, and saw 2 of its levels.

You collected 47 gold pieces.

Inventory:

Hand Weapons
 a - a +0 spear (weapon)
 q - a +0 dagger
Missiles
 b - 21 stones (quivered)
 n - 20 poisoned needles
 p - 21 sling bullets
Armour
 o - a +0 scale mail (worn)
Scrolls
 d - a scroll of identify {unknown}
 g - a scroll of amnesia {unknown}
 h - a scroll of fear {unknown}
 j - 2 scrolls of magic mapping {unknown}
 l - a scroll of noise {unknown}
 m - a scroll of teleportation {unknown}
Potions
 e - a potion of curing {unknown}
 f - a potion of magic {unknown}
 i - a potion of heal wounds {unknown}
 k - a potion of ambrosia {unknown}
Comestibles
 c - a ration


   Skills:
 + Level 3.8 Fighting
 + Level 0.5 Short Blades
 + Level 5.2 Polearms
 - Level 1.5 Armour
 + Level 3.4 Dodging
 + Level 1.2 Stealth


You had 2 spell levels left.
You didn't know any spells.
Your spell library was empty.

Dungeon Overview and Level Annotations

Branches:
Dungeon (2/15)

Altars:
Elyvilon


Message History

The sky beast is lightly wounded.
The sky beast hits you but does no damage.
You barely miss the sky beast.
The sky beast is lightly wounded.
The sky beast flickers out of sight!
Deactivating autopickup; reactivate with Ctrl-A.
Something hits you. Something shocks you.
* * * LOW HITPOINT WARNING * * *
You completely miss something.
A red film seems to cover your vision as you go berserk!
You feel yourself moving faster!
You feel mighty!
You are feeling hungry.
Something hits you.
* * * LOW HITPOINT WARNING * * *
Something shocks you.
* * * LOW HITPOINT WARNING * * *
You closely miss something. Something hits you.
* * * LOW HITPOINT WARNING * * *
Something shocks you.
You die...

#..........#..###.....###
........#....#######...#
#..........# ###.)
##....###...# ###
###.##.# ##....#
#...##.<.# .....#
#.######....#.... #
#####.##### ##Y.###..
#.......{@# .# ..
#.................
#.........#####.#.
###########


There were no monsters in sight!

Vanquished Creatures
  2 adders (D:2)
  2 dart slugs (D:1)
  A ball python (D:1)
  4 bats (D:1)
  3 giant cockroaches
  4 goblins
  2 hobgoblins (D:1)
  3 frilled lizards
  6 kobolds
  6 rats
33 creatures vanquished.

Vanquished Creatures (others)
  4 toadstools (D:2)
4 creatures vanquished.

Grand Total: 37 creatures vanquished

Notes
Turn   | Place    | Note
-------+----------+-------------------------------------------
     0 | D:1      | misha the Merfolk Berserker began the quest for the Orb.
     0 | D:1      | Reached XP level 1. HP: 18/18 MP: 1/1
    47 | D:1      | You fall through a shaft!
    66 | D:2      | Reached XP level 2. HP: 12/24 MP: 2/2
   716 | D:1      | Reached skill level 5 in Polearms
   734 | D:1      | Reached XP level 3. HP: 26/30 MP: 3/3
   787 | D:1      | Reached ** piety under Trog
  1314 | D:2      | Reached skill level 1 in Stealth
  1339 | D:2      | Found a white marble altar of Elyvilon.
  1428 | D:2      | Noticed a sky beast
  1456 | D:2      | Slain by a sky beast

Skill      XL: |  1  2  3 |
---------------+----------+-----
Dodging        | 3 |  3.4
Polearms       | 5 |  5.2
Stealth        | 1 |  1.2
Fighting       | |  3.8
Short Blades   | |  0.5
Armour         | |  1.5

Action                   || total
-------------------------++-------
Melee: Spear             ||   116
Invok: Berserk           ||     1
 Stab: Sleeping          ||     1
  Eat: Chunk             ||     2
Armor: Animal skin       ||     8
       Scale mail        ||     8
Dodge: Dodged            ||    63
